 Dungeon Crawl Stone Soup version 0.28-b1-25-g9875b3fc8c (webtiles) character file.

Game seed: 4912348413097922777

646 Armakuni the Skirmisher (level 7, 0/47 (61) HPs)
             Began as a Human Monk on Feb 5, 2022.
             Slain by a wight (1 damage)
             ... on level 4 of the Dungeon.
             The game lasted 00:08:08 (4688 turns).

Armakuni the Skirmisher (Human Monk)                Turns: 4688, Time: 00:08:09

HP:   0/47 (61)     AC:  5    Str: 14    XL:     7   Next: 82%
MP:   7/7           EV: 12    Int: 10    God:
Gold: 151           SH:  0    Dex: 15    Spells: 2/6 levels left

rFire   . . .      SeeInvis .   a - +3 mace (freeze)
rCold   + . .      Faith    .   (no shield)
rNeg    . . .      Spirit   .   b - +2 leather armour {rC+}
rPois   +          Reflect  .   (no helmet)
rElec   .          Harm     .   (no cloak)
rCorr   .          Rampage  .   (no gloves)
Will    .....                   (no boots)
Stlth   ++........              (no amulet)
HPRegen 0.15/turn               P - ring of poison resistance
MPRegen 0.10/turn               (no ring)

@: heavily drained
A: no striking features
a: no special abilities


You were on level 4 of the Dungeon.
You visited 1 branch of the dungeon, and saw 4 of its levels.

You collected 151 gold pieces.

Inventory:

Hand Weapons
 a - a +3 mace of freezing (weapon)
Armour
 b - a +2 leather armour of cold resistance (worn)
Jewellery
 c - an amulet of regeneration
 J - a ring of ice
 P - a ring of poison resistance (left hand)


   Skills:
 + Level 7.7 Fighting
 - Level 3.5(3.9) Maces & Flails
 - Level 2.6(3.5) Staves
 - Level 3.0 Dodging
 - Level 2.0 Stealth


You had 2 spell levels left.
You knew the following spells:

 Your Spells              Type           Power      Damage    Failure   Level
b - Blink                 Tloc           0%         N/A       58%         2
w - Wereblood             Tmut           0%         N/A       58%         2

Your spell library contained the following spells:

 Spells                   Type           Power      Damage    Failure   Level
 Sublimation of Blood     Necr           0%         N/A       58%         2
 Gell's Gravitas          Tloc           0%         N/A       82%         3
 Lesser Beckoning         Tloc           0%         N/A       82%         3
 Teleport Other           Tloc           0%         N/A       82%         3
 Manifold Assault         Tloc           0%         N/A       100%        5
 Dispersal                Tloc           0%         N/A       100%        6
 Summon Hydra             Summ           0%         N/A       100%        7


Dungeon Overview and Level Annotations

Branches:
Dungeon (4/15)
 Temple: D:4-7

Altars:

Shops:
D:1 [


Message History

There is a stone staircase leading down, spattered with blood here.
You climb downwards.
There is a stone staircase leading up here.
You start waiting.
A wight is nearby!
You hit the wight.
The wight is lightly damaged.
The wight hits you with a +1 dagger of electrocution.
You completely miss the wight.
The wight is lightly damaged.
The wight barely misses you.
You hit the wight.
The wight is lightly damaged.
The wight hits you with a +1 dagger of electrocution!
You feel drained.
You closely miss the wight.
The wight is lightly damaged.
The wight barely misses you.
The wight hits you with a +1 dagger of electrocution!
You feel drained.
You barely miss the wight.
The wight is lightly damaged.
The wight hits you with a +1 dagger of electrocution!
You feel drained.
You are electrocuted!
* * * LOW HITPOINT WARNING * * *
You sock the wight!
The wight is heavily damaged.
The wight hits you but does no damage.
You hit the wight.
The wight is almost destroyed.
The wight hits you with a +1 dagger of electrocution.
* * * LOW HITPOINT WARNING * * *
You sock the wight!
You destroy the wight!
You aren't carrying any potions.
You aren't carrying any scrolls.
The wight hits you with a +0 falchion.
* * * LOW HITPOINT WARNING * * *
You feel drained.
You die...

####.#.#.#
#..#####.##.##.# #.
.........#
#..............# #.
.###.#.#.#
##.######.#.##.# #. .#
#.....###...#####.#.##.#
#. .#
###.#........)......##.#
#. .#
#.#.###...####.......#
#. .# #.#.####.##
##.#<.#### #.
.#####......<..###....(#
##
.........####..z@......#
########## ##.###>...##
#........###########
######...........(..
###############


You could see a wight.

Vanquished Creatures
  Grinder (D:3)
  A scorpion (D:2)
  4 wights
  A hound (D:4)
  2 iguanas (D:4)
  2 hound skeletons (D:4)
  A gnoll (D:1)
  4 adders
  3 worms
  2 dart slugs (D:3)
  7 orcs (D:3)
  4 endoplasms
  6 giant cockroaches
  3 hobgoblins
  2 jackals (D:4)
  8 kobolds
  2 quokkas
  4 ball pythons
  4 bats
  2 frilled lizards
  4 rats
67 creatures vanquished.

Notes
Turn   | Place    | Note
-------+----------+-------------------------------------------
     0 | D:1      | Armakuni the Human Monk began the quest for the Orb.
     0 | D:1      | Reached XP level 1. HP: 18/18 MP: 1/1
   341 | D:1      | Reached XP level 2. HP: 24/24 MP: 2/2
   362 | D:1      | Found a faded altar of an unknown god.
   476 | D:1      | Found Toguw's Antique Armour Shop.
   660 | D:1      | Reached XP level 3. HP: 23/29 MP: 3/3
  1091 | D:2      | Noticed a scorpion
  1101 | D:2      | Killed a scorpion
  1102 | D:2      | Reached skill level 4 in Fighting
  1102 | D:2      | Reached skill level 1 in Staves
  1102 | D:2      | Reached XP level 4. HP: 13/38 MP: 4/4
  1102 | D:2      | Reached XP level 5. HP: 14/43 MP: 5/5
  2042 | D:3      | Noticed Grinder
  2080 | D:3      | Paralysed by Grinder for 7 turns
  2563 | D:3      | Reached skill level 5 in Fighting
  2563 | D:3      | Reached XP level 6. HP: 9/51 MP: 6/6
  2910 | D:3      | Paralysed by Grinder for 6 turns
  2920 | D:3      | Killed Grinder
  2921 | D:3      | Reached skill level 6 in Fighting
  2921 | D:3      | Reached XP level 7. HP: 22/59 MP: 7/7
  3557 | D:3      | Learned a level 2 spell: Wereblood
  3560 | D:3      | Learned a level 2 spell: Blink
  3844 | D:4      | Reached skill level 7 in Fighting
  4346 | D:3      | HP: 2/47 [wight (9)]
  4688 | D:4      | HP: 1/49 [wight (4)]
  4688 | D:4      | Slain by a wight

Illustrated notes

Levels and vault maps discovered:
D:1:      roderic_octagonal_star, layout_basic, serial_shops, shop,
          dreamdust_ecumenical_altar_angels_and_demons
D:2:      layout_rooms
D:3:      layout_loops_cross, hangedman_feature_mirror, minmay_misc_feat_roman,
          st_stairs_4, uniq_grinder
D:4:      layout_loops_ring, grunt_temple_overflow_open

Skill      XL: |  1  2  3  4  5  6  7 |
---------------+----------------------+-----
Fighting       | 4 5 6 7 |  7.7
Staves         | 1 2 |  2.6
Maces & Flails | |  3.5
Dodging        | |  3.0
Stealth        | |  2.0

Action                   |  1- 3 |  4- 6 |  7- 9 || total
-------------------------+-------+-------+-------++-------
Melee: Mace              |    55 |    51 |   117 ||   223
       Punch             |     1 |       |     2 ||     3
       Quarterstaff      |       |    37 |       ||    37
  Use: Scroll            |     3 |     1 |       ||     4
       Potion            |     2 |     2 |       ||     4
 Stab: Sleeping          |     1 |     2 |       ||     3
       Distracted        |       |       |     1 ||     1
Armor: Robe              |     8 |       |       ||     8
       Ring mail         |    12 |    28 |     8 ||    48
       Leather armour    |       |       |    24 ||    24
Dodge: Dodged            |    36 |    56 |    72 ||   164
